 Dungeon Crawl Stone Soup version 0.27.1-2-g3b301248ec (webtiles) character file.

Game seed: 9758348312776935181

56 Jahmms the Chopper (level 3, -2/34 HPs)
             Began as a Hill Orc Berserker on Oct 4, 2021.
             Was a Follower of Trog.
             Slain by a gnoll (7 damage)
             ... on level 2 of the Dungeon.
             The game lasted 00:14:44 (2160 turns).

Jahmms the Chopper (Hill Orc Berserker)             Turns: 2160, Time: 00:14:44

Health: -2/34      AC:  2    Str: 20    XL:     3   Next: 97%
Magic:  3/3        EV: 12    Int:  7    God:    Trog [*.....]
Gold:   64         SH:  0    Dex: 10    Spells: 2/2 levels left

rFire    . . .     SeeInvis .   d - +0 mace
rCold    . . .     Faith    .   (no shield)
rNeg     . . .     Spirit   .   o - +0 robe {Will+}
rPois    .         Reflect  .   c - +0 hat
rElec    .         Harm     .   (no cloak)
rCorr    .         Rampage  .   (no gloves)
Will     +....                  (no boots)
Stlth    +.........             (no amulet)
HPRegen  0.11/turn              (no ring)
MPRegen  0.08/turn              (no ring)

@: on berserk cooldown, slowed, very slow
A: no striking features
a: Renounce Religion, Berserk


You were on level 2 of the Dungeon.
You worshipped Trog.
Trog was aware of your devotion.
You visited 1 branch of the dungeon, and saw 2 of its levels.

You collected 64 gold pieces.

Inventory:

Hand Weapons
 a - a +0 hand axe
 d - a +0 mace (weapon)
 l - a +0 dagger
 n - a +0 short sword
 q - a +0 short sword
 r - a +0 hunting sling
 t - a +0 shortbow
Missiles
 h - 6 poisoned darts (quivered)
 j - 52 stones
Armour
 b - a +0 animal skin
 c - a +0 hat (worn)
 g - a scarf of invisibility
 i - a +0 ring mail
 m - a +0 pair of gloves
 o - a +0 robe of willpower (worn)
Scrolls
 e - a scroll of summoning {unknown}
 f - a scroll of identify {unknown}
 p - 2 scrolls of teleportation {unknown}
Potions
 k - a potion of flight {unknown}


   Skills:
 + Level 4.3 Fighting
 + Level 4.7 Axes
 + Level 0.2(2.3) Maces & Flails
 + Level 2.3 Armour
 + Level 2.0 Dodging
 + Level 0.8 Stealth


You had 2 spell levels left.
You didn't know any spells.
Your spell library was empty.

Dungeon Overview and Level Annotations

Branches:
Dungeon (2/15)

Altars:


Message History

You barely miss the gnoll. The gnoll hits you with a +0 whip.
The gnoll hits you from afar with a +0 spear.
You feel better. The gnoll barely misses you.
The gnoll hits you from afar with a +0 spear!
A red film seems to cover your vision as you go berserk!
You feel yourself moving faster!
You feel mighty! The gnoll barely misses you.
The gnoll hits you from afar with a +0 spear.
You sock the gnoll!
You kill the gnoll!
Trog accepts your kill. The gnoll closely misses you.
Your Dodging skill increases to level 2!
The gnoll barely misses you.
Things that are here:
a +0 whip; a gnoll corpse You barely miss the gnoll.
The gnoll hits you with a +0 spear!
* * * LOW HITPOINT WARNING * * *
The gnoll misses you.
You closely miss the gnoll. The gnoll barely misses you.
The gnoll hits you with a +0 club.
* * * LOW HITPOINT WARNING * * *
You sock the gnoll!
The gnoll is severely wounded.
The gnoll closely misses you. x2
You barely miss the gnoll.
The gnoll is severely wounded.
The gnoll hits you with a +0 spear.
* * * LOW HITPOINT WARNING * * *
The gnoll barely misses you.
You thump the gnoll!
You kill the gnoll!
Trog accepts your kill. The gnoll hits you with a +0 spear.
* * * LOW HITPOINT WARNING * * *
You feel a strong urge to attack something.
You are no longer berserk.
You are exhausted.
You feel yourself slow down.
The gnoll hits you from afar with a +0 spear!
You die...

###### #.@..#
#.##'## #g#...# ###
#)#...# .$#
#...)#...## o:.#
#....#....##wg
#....##...### ###
#....##....### #.#
#....###.....####.#


You could see a gnoll.

Vanquished Creatures
  2 adders (D:2)
  2 gnolls (D:2)
  3 ball pythons (D:1)
  A giant cockroach (D:1)
  4 hobgoblins (D:1)
  A kobold (D:2)
  A quokka (D:2)
  2 bats
  2 goblins (D:2)
  3 rats (D:2)
21 creatures vanquished.

Notes
Turn   | Place    | Note
-------+----------+-------------------------------------------
     0 | D:1      | Jahmms the Hill Orc Berserker began the quest for the Orb.
     0 | D:1      | Reached XP level 1. HP: 19/19 MP: 1/1
   457 | D:1      | Found a faded altar of an unknown god.
   465 | D:1      | Reached XP level 2. HP: 27/27 MP: 2/2
  1455 | D:2      | Reached XP level 3. HP: 16/33 MP: 3/3
  2160 | D:2      | Slain by a gnoll

Illustrated notes

Levels and vault maps discovered:
D:1:      ncdulo_halloftheorcs, layout_basic, ebering_ecumenical_altar_hall,
          serial_corexii_hall, chequers_hall_statues_wall_a,
          chequers_hall_statues_corner_a
D:2:      layout_basic, lightli_corner_chamber

Skill      XL: |  1  2  3 |
---------------+----------+-----
Fighting       | 4 |  4.3
Dodging        | 2 |  2.0
Axes           | |  4.7
Maces & Flails | |  0.2
Armour         | |  2.3
Stealth        | |  0.8

Action                   || total
-------------------------++-------
Melee: Hand axe          ||    23
       Mace              ||    44
Invok: Berserk           ||     1
  Use: Potion            ||     4
Armor: Animal skin       ||     5
       Robe              ||    11
Dodge: Dodged            ||    75
